 Dungeon Crawl Stone Soup version 0.13.1-17-g0f9d4ff (webtiles) character file.

226 Lilouch the Covered (level 4, -4/36 HPs)
             Began as a Mummy Fighter on Dec 16, 2013.
             Slain by Sigmund
             ... wielding a +1,+1 scythe
              (6 damage)
             ... on Level 1 of the Dungeon.
             The game lasted 00:05:35 (2491 turns).

Lilouch the Covered (Mummy Fighter)                 Turns: 2491, Time: 00:05:36

HP  -4/36        AC 12     Str 20      XL: 4   Next: 84%
MP   3/3         EV  5     Int  7      God:
Gold 100         SH 18     Dex 11      Spells:  0 memorised,  3 levels left

Res.Fire  : x . .   See Invis. : .   a - +0 trident
Res.Cold  : + + .   Warding    : .   m - +0 orc chain mail
Life Prot.: + + +   Conserve   : .   i - +0 shield
Res.Poison: +       Res.Corr.  : .   (no helmet)
Res.Elec. : .       Clarity    : .   j - +1 dwarf cloak
Sust.Abil.: . .     Spirit.Shd : .   (no gloves)
Res.Mut.  : .       Stasis     : .   n - +0 pair of boots
Res.Rott. : +       Flight     : .   (no amulet)
Saprovore : . . .                    (no ring)
                                     e - ring of protection from cold {unknown}

@: slightly resistant to hostile enchantments, extremely unstealthy
A: no food or potions, fire vulnerability, restore body, cold resistance 1, life
protection 3, poison resistance, torment resistance, unbreathing
a: no special abilities


You were on level 1 of the Dungeon.
You were not hungry.

You visited 1 branch of the dungeon, and saw 2 of its levels.

You collected 80 gold pieces.

Inventory:

Hand weapons
 a - a +0,+0 trident (weapon)
 k - a +2,+0 sling of flame
 o - a +0,+0 spear (quivered)
Armour
 i - a +0 shield (worn)
 j - a +1 dwarven cloak (worn)
 m - a +0 orcish chain mail (worn)
 n - a +0 pair of boots (worn)
Magical devices
 l - a wand of random effects (2) {unknown}
Scrolls
 b - a scroll of fear {unknown}
 c - a scroll of remove curse {unknown}
 d - a scroll of curse armour {unknown}
 f - 2 scrolls of random uselessness {unknown}
 g - 3 scrolls of identify {unknown}
 h - a scroll of enchant armour {unknown}
Jewellery
 e - a ring of protection from cold (left hand) {unknown}


   Skills:
 - Level 3.0 Fighting
 + Level 2.7 Polearms
 * Level 3.5 Armour
 + Level 3.0 Shields


You had 3 spell levels left.
You didn't know any spells.

Dungeon Overview and Level Annotations

Branches:
Dungeon (2/27)

Altars:
Trog

Annotations:
D:2 Sigmund


Innate Abilities, Weirdness & Mutations

You do not eat or drink.
Your flesh is vulnerable to fire.
Your flesh is cold resistant.
You are immune to negative energy.
Your system is resistant to poisons.
You are immune to unholy pain and torment.
You can survive without breathing.


Message History

Ouch! You feel less confused.
You hear some strange, mumbled words.
The puff of flame hits you!
* * * LOW HITPOINT WARNING * * *
You miss it. It hits you.
* * * LOW HITPOINT WARNING * * *
You hit it. It hits you but does no damage.
You hit it.
You hear some strange, mumbled words.
Something tries to affect you, but you resist.
You closely miss it. It hits you.
* * * LOW HITPOINT WARNING * * *
Your chain mail prevents you from hitting it.
It hits you.
* * * LOW HITPOINT WARNING * * *
You puncture it!
Sigmund appears from thin air!
Reactivating autopickup.
Sigmund hits you with a scythe.
You die...

..# ..# ..#
..################
.................#
..##############.#
.........# #.#
.........#######)#
.........'......@#
.........#######@#
.###############.#
.......# #......#
....##.# #.####.#
....##.# #.# #.#
....##.# #.# #.#
....##.####.# #.#
..####......# #.#


You could see Sigmund.

Vanquished Creatures
  Ijyb (D:2)
  6 adders (D:2)
  A giant mite (D:2)
  2 worms (D:2)
  A giant gecko (D:2)
  5 giant cockroaches
  6 goblins
  6 hobgoblins
  5 kobolds (D:1)
  8 rats
41 creatures vanquished.

Notes
Turn   | Place    | Note
--------------------------------------------------------------
     0 | D:1      | Lilouch, the Mummy Fighter, began the quest for the Orb.
     0 | D:1      | Reached XP level 1. HP: 18/18 MP: 0/0
   138 | D:1      | Reached XP level 2. HP: 24/24 MP: 1/1
   673 | D:2      | Noticed Sigmund
   891 | D:2      | Found a bloodstained altar of Trog.
  1023 | D:2      | Noticed Ijyb
  1061 | D:2      | Killed Ijyb
  1061 | D:2      | Reached XP level 3. HP: 16/30 MP: 2/2
  1813 | D:2      | Reached XP level 4. HP: 34/36 MP: 3/3
  2491 | D:1      | Slain by Sigmund

Action                   |  1- 3 |  4- 6 || total
-------------------------+-------+-------++-------
Melee: Trident           |   132 |    70 ||   202
